 Dungeon Crawl Stone Soup version 0.24.0-123-gd5b16e6ec5 (webtiles) character file.

Game seed: 3806065487256108485, levelgen mode: deterministic

30 Chiseanne the Magician (level 3, 0/24 HPs)
             Began as a Demonspawn Wizard on Jan 21, 2020.
             Hit by a boomerang thrown by an orc (7 damage)
             ... on level 1 of the Dungeon.
             The game lasted 00:02:08 (1835 turns).

Chiseanne the Magician (Demonspawn Wizard)          Turns: 1835, Time: 00:02:09

Health: 0/24       AC:  2    Str:  7    XL:     3   Next: 5%
Magic:  8/8        EV: 12    Int: 20    God:
Gold:   79         SH:  0    Dex: 13    Spells: 8/9 levels left

rFire    . . .     SeeInvis .   l - +6 short sword
rCold    . . .     Gourm    .   (no shield)
rNeg     . . .     Faith    .   a - +0 robe
rPois    .         Spirit   .   b - +0 hat
rElec    .         Reflect  .   (no cloak)
rCorr    .         Harm     .   (no gloves)
MR       .....                  (no boots)
Stlth    ++........             (no amulet)
HPRegen  0.08/turn              (no ring)
MPRegen  0.11/turn              (no ring)

@: no status effects
A: thin skeletal structure 1
a: no special abilities


You were on level 1 of the Dungeon.
You were not hungry.

You visited 1 branch of the dungeon, and saw 2 of its levels.

You collected 79 gold pieces.

Inventory:

Hand Weapons
 l - a +6 short sword (weapon)
Missiles
 c - 26 arrows
 f - 21 bolts
 j - 16 stones (quivered)
Armour
 a - a +0 robe (worn)
 b - a +0 hat (worn)
Scrolls
 g - 2 scrolls of identify
Potions
 e - a potion of might
Comestibles
 d - 3 rations
 h - a chunk of flesh


   Skills:
 - Level 1.7 Dodging
 - Level 1.7 Stealth
 * Level 3.5 Spellcasting
 * Level 2.2 Conjurations
   Level 1.0 Summonings
   Level 0.8 Translocations


You had 8 spell levels left.
You knew the following spells:

 Your Spells              Type           Power        Failure   Level  Hunger
a - Magic Dart            Conj           ##..         5%          1    None

Your spell library contained the following spells:

 Spells                   Type           Power        Failure   Level  Hunger
 Blink                    Tloc           N/A          14%         2    ##.....
 Call Imp                 Summ           #.......     14%         2    ##.....
 Slow                     Hex            #.......     21%         2    ##.....
 Conjure Flame            Conj/Fire      #.......     26%         3    ###....
 Mephitic Cloud           Conj/Pois/Air  #.......     30%         3    ###....


Dungeon Overview and Level Annotations

Branches:
Dungeon (2/15)

Altars:


Innate Abilities, Weirdness & Mutations

You have a somewhat thin skeletal structure. (Dex +2, Stealth)


Message History

The worm misses you.
The orc hits you with a cursed +0 short sword.
You climb upwards.
There is a stone staircase leading down here.
The orc throws a boomerang.
The boomerang hits you.
* * * LOW HITPOINT WARNING * * *
The weapon returns to the orc!
The orc throws a boomerang.
The boomerang closely misses you.
You see here a +0 club.
Casting: Magic Dart (safe; 5% risk of failure)
Confirm with . or Enter, or press ? or * to list all spells.
You don't know that spell.
Unknown command.
The orc throws a boomerang.
The boomerang closely misses you.
The weapon returns to the orc!
The orc throws a boomerang.
The boomerang hits you.
* * * LOW HITPOINT WARNING * * *
The weapon returns to the orc!
The orc throws a boomerang.
The boomerang hits you!
You die...

#...#.....#.#.##.#
############.#.###.#.#.##.#
#.........##.#.###.#.#.##.#
#.........##.#.....#.#.##.#
#.........##.#.....#....#.#
#####.........##.#.....######.###
..............+..................
........[o....####.##############
.....>....w.....@................
......÷.###################....).
........# #^...........#.####÷
........## #.#######....#.#....
.........#####.##....#....#.#.#..
.............#.##....#....#.#.#..
.............#.##....'....#......
.............#.##....#....###.###
#######...####'##....#....# #.# #


You could see a worm and an orc.

Vanquished Creatures
  2 dart slugs
  A giant cockroach (D:1)
  6 goblins
  3 hobgoblins
  3 jackals
  2 kobolds
  3 bats (D:1)
  A frilled lizard (D:1)
  A rat (D:1)
22 creatures vanquished.

Notes
Turn   | Place    | Note
-------+----------+-------------------------------------------
     0 | D:1      | Chiseanne the Demonspawn Wizard began the quest for the
                  | Orb.
     0 | D:1      | Reached XP level 1. HP: 13/13 MP: 4/4
   990 | D:1      | Gained mutation: You have a somewhat thin skeletal
                  | structure. (Dex +2, Stealth) [demonic ancestry]
   990 | D:1      | Reached XP level 2. HP: 19/19 MP: 3/6
  1740 | D:2      | Reached XP level 3. HP: 17/24 MP: 5/8
  1835 | D:1      | Hit by a boomerang thrown by an orc

Levels and vault maps discovered:
D:1:      dpeg_arrival_connections, layout_basic, amethyst_killhole
D:2:      wander_river, layout_basic, grunt_temple_overflow_open,
          kennysheep_generic_room_14, uniq_natasha

Skill      XL: |  1  2 |
---------------+-------+-----
Conjurations   | 2 |  2.2
Dodging        | |  1.7
Stealth        | |  1.7
Spellcasting   | |  3.5
Summonings     | |  1.0
Translocations | |  0.8

Action                   || total
-------------------------++-------
Melee: Unarmed           ||     4
       Short sword       ||    10
 Cast: Magic Dart        ||    52
  Use: Scroll            ||     3
  Eat: Chunk             ||     3
Armor: Robe              ||     4
Dodge: Dodged            ||    27
